 Dungeon Crawl Stone Soup version 0.28-a0-1629-gf728b707aa (webtiles) character file.

Game seed: 9452230203263051581

260 HallandMoats the Skirmisher (level 6, 0/52 HPs)
             Began as a Ghoul Fighter on Jan 25, 2022.
             Slain by a river rat (5 damage)
             ... in a sewer.
             The game lasted 00:03:39 (2834 turns).

HallandMoats the Skirmisher (Ghoul Fighter)         Turns: 2834, Time: 00:03:39

Health: 0/52       AC:  8    Str: 20      XL:     6   Next: 17%
Magic:  7/7        EV:  9    Int:  4 (5)  God:
Gold:   92         SH:  4    Dex: 11 (14) Spells: 5/5 levels left

rFire   . . .      SeeInvis .   d - +3 club (spect)
rCold   + . .      Faith    .   c - +0 buckler
rNeg    + + +      Spirit   .   b - +0 scale mail
rPois   ∞          Reflect  .   r - +0 helmet
rElec   .          Harm     .   (no cloak)
rCorr   .          Rampage  .   (no gloves)
Will    .....                   (no boots)
Stlth   ..........              (no amulet)
HPRegen 0.00/turn               f - +6 ring of dexterity
MPRegen 0.10/turn               (no ring)

@: brilliant, flying, inhibited regen, hasted, very quick
A: claws 1, cold resistance 1, negative energy resistance 3, inhibited
regeneration, torment resistance 2
a: no special abilities


You were in a sewer.
You visited 1 branch of the dungeon, and saw 4 of its levels.
You also visited: Sewer.

You collected 92 gold pieces.

Inventory:

Hand Weapons
 a - a +0 trident
 d - a +3 spectral club (weapon)
 i - a +0 vampiric hand axe
Missiles
 m - a throwing net (quivered)
Armour
 b - a +0 scale mail (worn)
 c - a +0 buckler (worn)
 r - a +0 helmet (worn)
Jewellery
 f - a +6 ring of dexterity (left claw)
Scrolls
 e - a scroll of summoning {unknown}
 j - 2 scrolls of identify
 l - a scroll of vulnerability {unknown}
 o - a scroll of teleportation {unknown}
Potions
 g - a potion of curing


   Skills:
 + Level 4.0 Fighting
 * Level 3.3 Polearms
 + Level 3.3 Armour
 + Level 1.5 Dodging
 + Level 3.2 Shields
 * Level 2.8 Invocations


You had 5 spell levels left.
You didn't know any spells.
Your spell library was empty.

Dungeon Overview and Level Annotations

Branches:
Dungeon (4/15)              Sewer (1/1)
 Temple: D:4-7

Altars:
Dithmenos

Shops:
D:1 *   D:3 *


Innate Abilities, Weirdness & Mutations

You thrive by killing the living.
You are immune to poison.
You have sharp fingernails.
Your flesh is cold resistant. (rC+)
You are immune to negative energy. (rN+++)
You do not regenerate when monsters are visible.
You are immune to unholy pain and torment.


Message History

You feel very buoyant.
You fly up into the air.
The river rat bites you but does no damage.
You block the river rat's attack.
It was a potion of haste.
You feel yourself speed up. You block the river rat's attack.
The river rat bites you.
* * * LOW HITPOINT WARNING * * *
It was a potion of mutation.
You feel extremely strange.
Your body decomposes!
You feel dopey.
Your body decomposes!
You feel clumsy.
Your body decomposes!
You feel clumsy.
Your body decomposes!
You feel clumsy. The river rat bites you.
* * * LOW HITPOINT WARNING * * *
The river rat closely misses you.
Unknown command.
It was a potion of magic.
Magic courses through your body. You block the river rat's attack.
It was a potion of brilliance.
You feel clever all of a sudden. The river rat misses you.
You closely miss the river rat.
The river rat is severely wounded.
The river rat closely misses you.
The river rat bites you but does no damage.
You hit the river rat.
The river rat is almost dead.
The river rat bites you but does no damage.
The river rat barely misses you.
You closely miss the river rat.
The river rat is almost dead.
The river rat bites you but does no damage. x2
You barely miss the river rat.
The river rat is almost dead.
The river rat barely misses you. The river rat bites you.
You die... ################ ≈≈...rr@r∩...... ################

You could see 2 river rats and a rat.

Vanquished Creatures
  Blork the orc (D:4)
  An orc wizard (D:3)
  Robin (D:3)
  4 gnolls (D:3)
  2 adders
  A river rat (Sewer)
  2 worms (D:2)
  A dart slug (D:2)
  4 orcs (D:3)
  7 ball pythons
  6 bats
  7 endoplasms
  3 giant cockroaches
  12 goblins
  8 hobgoblins
  4 jackals
  2 kobolds (D:2)
  A quokka (D:3)
  7 rats
74 creatures vanquished.

Notes
Turn   | Place    | Note
-------+----------+-------------------------------------------
     0 | D:1      | HallandMoats the Ghoul Fighter began the quest for the Orb.
     0 | D:1      | Reached XP level 1. HP: 19/19 MP: 0/0
   120 | D:1      | Reached XP level 2. HP: 26/26 MP: 1/1
   329 | D:1      | Found Dyty's Assorted Antiques.
   648 | D:1      | Reached skill level 1 in Invocations
  1031 | D:2      | Reached XP level 3. HP: 27/31 MP: 1/3
  1473 | D:2      | Found a faded altar of an unknown god.
  1732 | D:3      | Reached XP level 4. HP: 38/38 MP: 4/4
  1739 | D:3      | Found Gabianeu's General Store.
  1816 | D:3      | Reached skill level 1 in Dodging
  1994 | D:3      | Reached XP level 5. HP: 9/46 MP: 5/5
  2393 | D:3      | Noticed Robin
  2405 | D:3      | Killed Robin
  2721 | D:4      | Noticed Blork the orc
  2722 | D:4      | Found a shadowy altar of Dithmenos.
  2729 | D:4      | Killed Blork the orc
  2730 | D:4      | Reached skill level 4 in Fighting
  2730 | D:4      | Reached XP level 6. HP: 42/52 MP: 5/7
  2790 | D:4      | Found a glowing drain.
  2804 | Sewer    | Entered a sewer
  2834 | Sewer    | Slain by a river rat

Illustrated notes

Levels and vault maps discovered:
D:1:      elethiomel_arrival_shortcut, layout_basic, serial_shops, shop
D:2:      layout_loops_cross, basic_ecumenical_altar
D:3:      layout_rooms, serial_shops, nicolae_shop_window_shopping, uniq_robin
D:4:      minmay_recursive_quarters, layout_gridville,
          nicolae_overflow_hidden_temple, mainiacjoe_overflow_six_doors_small,
          grunt_dithmenos_smoke, minmay_temple_entry_enclosed_plants,
          cheibrodos_sewer_entry_drain, uniq_duvessa, uniq_blork_the_orc,
          uniq_grinder
Sewer:    sewer_kobolds

Skill      XL: |  1  2  3  4  5 |
---------------+----------------+-----
Polearms       | 2 3 |  3.3
Invocations    | 1 2 |  2.8
Shields        | 3 |  3.2
Armour         | 3 |  3.3
Dodging        | 1 |  1.5
Fighting       | 4 |  4.0

Action                   |  1- 3 |  4- 6 || total
-------------------------+-------+-------++-------
Melee: Trident           |    70 |       ||    70
       Hand axe          |    54 |   134 ||   188
       Club              |       |    34 ||    34
  Use: Potion            |       |     7 ||     7
       Scroll            |       |     1 ||     1
Armor: Scale mail        |    67 |   101 ||   168
Dodge: Dodged            |    69 |    91 ||   160
Block: Buckler           |    23 |    41 ||    64

Table legend: (Time is in decaauts)
 A = Elapsed time spent in this place.
 B = Non-inter-level travel time spent in this place.
 C = Inter-level travel time spent in this place.
 D = Time resting spent in this place.
 E = Time spent auto-exploring this place.
 F = Levels seen in this place.
 G = Mean time per level.
                   A        B        C        D        E       F      G
               +--------+--------+--------+--------+--------+-----+--------+
         Total |   2909 |   2867 |     42 |      0 |   2243 |   5 |  581.8 |
       Dungeon |   2875 |   2833 |     42 |      0 |   2243 |   4 |  718.8 |
         Sewer |     34 |     34 |      0 |      0 |      0 |   1 |   34.0 |
               +--------+--------+--------+--------+--------+-----+--------+

Top non-repeatable levels by time:
     D:3: 1001 daAuts
     D:2: 954 daAuts
     D:1: 800 daAuts
     D:4: 119 daAuts
   Sewer: 34 daAuts
